 Dungeon Crawl Stone Soup version 0.20.0-8-g6b59dc7 (webtiles) character file.

3198 Fenrisulfr the Carver (level 9, -1/78 HPs)
             Began as a Yellow Draconian Monk on May 31, 2017.
             Was an Elder of Okawaru.
             Slain by a two-headed ogre
             ... wielding a +0 dire flail
              (22 damage)
             ... on level 8 of the Dungeon.
             The game lasted 00:23:02 (8459 turns).

Fenrisulfr the Carver (Yellow Draconian Monk)       Turns: 8459, Time: 00:23:03

Health: -1/78      AC: 11    Str: 13      XL:     9   Next: 64%
Magic:  0/10       EV: 17    Int: 11 (12) God:    Okawaru [****..]
Gold:   331        SH:  0    Dex: 16      Spells: 8/8 levels left

rFire    + . .     SeeInvis .   k - +1 long sword (flame)
rCold    x . .     Gourm    .   (no shield)
rNeg     . . .     Faith    .   (armour unavailable)
rPois    .         Spirit   +   (helmet restricted)
rElec    .         Reflect  .   q - +1 cloak
rCorr    +         Harm     .   (no gloves)
MR       .....                  d - +1 pair of boots
Stlth    +++.......             p - amulet of guardian spirit
Regen    0.3/turn               h - ring of fire
MPRegen  0.2/turn               (no ring)

@: no status effects
A: spit acid, acid resistance, unfitting armour, cold-blooded, AC +7
a: Breathe Acid, Heroism, Renounce Religion


You were on level 8 of the Dungeon.
You worshipped Okawaru.
Okawaru was greatly pleased with you.
You were hungry.

You visited 2 branches of the dungeon, and saw 9 of its levels.

You collected 331 gold pieces.

Inventory:

Hand Weapons
 k - a +1 long sword of flaming (weapon)
Armour
 d - a +1 pair of boots (worn)
 q - a +1 cloak (worn)
Jewellery
 h - a ring of fire (left hand)
 p - an amulet of guardian spirit (around neck)
Wands
 i - a wand of digging (4/24)
 j - a wand of polymorph (5/24)
 u - a wand of random effects (30/48)
Scrolls
 c - 2 scrolls of magic mapping
 e - 15 scrolls of identify
 f - a scroll of enchant armour
 g - 2 scrolls of remove curse
 n - 10 scrolls of teleportation
Potions
 a - a potion of curing
 r - a potion of haste
 s - a potion of berserk rage {unknown}
 t - a potion of might {unknown}
 v - a potion of flight {unknown}
Comestibles
 b - 4 bread rations
 l - 8 fruits
 o - a royal jelly


   Skills:
 + Level 6.9 Fighting
 + Level 9.1 Long Blades
 * Level 7.2 Dodging
 * Level 4.5 Stealth
 * Level 2.5 Invocations
 - Level 1.0 Evocations


You had 8 spell levels left.
You didn't know any spells.

Dungeon Overview and Level Annotations

Branches:
Dungeon (8/15)             Temple (1/1) D:4
   Lair: D:8-11

Altars:
Ashenzari
Cheibriados
Elyvilon
Fedhas
Gozag
Hepliaklqana
Kikubaaqudgha
Okawaru
Qazlal
Ru
Vehumet
Xom
Yredelemnul
Zin
The Shining One

Shops:
D:7 :

Annotations:
D:5 sambo's ghost, novice FoAr


Innate Abilities, Weirdness & Mutations

You can spit globs of acid.
You are resistant to acid.
Your golden yellow scales are hard. (AC +7)
You cannot fit into any form of body armour.
You are cold-blooded and may be slowed by cold attacks.


Message History

You completely miss the two-headed ogre.
The two-headed ogre is lightly wounded.
The two-headed ogre barely misses you.
You hit the two-headed ogre. You burn the two-headed ogre.
You tail-slap the two-headed ogre, but do no damage.
The two-headed ogre is lightly wounded.
You slash the two-headed ogre! You burn the two-headed ogre.
The two-headed ogre is moderately wounded.
The two-headed ogre hits you with a dire flail.
The two-headed ogre hits you with a giant club!
You hit the two-headed ogre. You burn the two-headed ogre.
The two-headed ogre is heavily wounded.
The two-headed ogre hits you with a dire flail.
The two-headed ogre closely misses you.
You barely miss the two-headed ogre.
The two-headed ogre is heavily wounded.
The two-headed ogre hits you with a dire flail!
* * * LOW HITPOINT WARNING * * *
The two-headed ogre hits you with a giant club!!
You die...

## #. . ..# #.. .##.#
#.. ..#.. #.# #.#.# #
#.#####.#.######.#
#.....#.#........#.#
####............@O....+
#........#.#?.........#
'....#####......#######
#....# #......#
+....#####......#
#...>.......#####
#....########
#........## #.........#


You could see a two-headed ogre.

Vanquished Creatures
  Pikel (D:5)
  A hippogriff (D:7)
  2 water moccasins
  A black bear (D:6)
  A sky beast (D:6)
  2 slaves
  3 ice beasts
  3 phantoms (D:5)
  4 ogres
  3 bullfrogs
  2 scorpions
  A howler monkey (D:6)
  A bullfrog zombie (D:7)
  A hound (D:5)
  A jelly (D:5)
  3 centaur skeletons
  4 orc priests
  A gnoll shaman (D:7)
  A bullfrog skeleton (D:6)
  2 iguanas
  Ijyb (D:3)
  5 orc wizards
  7 worker ants
  A hound zombie (D:5)
  A howler monkey zombie (D:5)
  2 worker ant zombies
  5 gnolls (D:7)
  7 adders
  2 oozes
  2 adder zombies
  5 worms
  2 dart slugs
  3 leopard geckos
  25 orcs
  8 bats
  2 giant cockroaches (D:2)
  6 goblins
  7 hobgoblins
  3 jackals (D:5)
  7 kobolds
  6 quokkas
  2 ball pythons
  11 frilled lizards
  A giant cockroach zombie (D:6)
  A jackal skeleton (D:7)
  A jackal zombie (D:7)
  8 rats
169 creatures vanquished.

Vanquished Creatures (others)
  2 slaves (D:5)
  An adder (D:5)
  3 jackals (D:5)
  A frilled lizard (D:5)
7 creatures vanquished.

Grand Total: 176 creatures vanquished

Notes
Turn   | Place    | Note
-------+----------+-------------------------------------------
     0 | D:1      | Fenrisulfr the Draconian Monk began the quest for the Orb.
     0 | D:1      | Reached XP level 1. HP: 19/19 MP: 1/1
   104 | D:1      | Reached XP level 2. HP: 21/27 MP: 2/2
   571 | D:2      | Reached XP level 3. HP: 28/33 MP: 3/3
  1221 | D:3      | Reached XP level 4. HP: 14/41 MP: 4/4
  1474 | D:3      | Found a blossoming altar of Fedhas.
  1553 | D:3      | Noticed Ijyb
  1570 | D:3      | Killed Ijyb
  1570 | D:3      | Reached skill level 4 in Long Blades
  1635 | D:3      | Reached XP level 5. HP: 37/47 MP: 5/5
  2501 | D:3      | Reached XP level 6. HP: 55/55 MP: 6/6
  2718 | D:4      | Found a staircase to the Ecumenical Temple.
  2988 | D:4      | Got a crystal trident
  2997 | D:4      | Identified the cursed +1 trident "Fuzas" {venom, Stlth+} (You found it on level 4 of the Dungeon)
  3203 | D:4      | Reached skill level 5 in Fighting
  3203 | D:4      | Reached skill level 5 in Long Blades
  3335 | D:4      | Noticed a water moccasin
  3622 | D:5      | Entered Level 5 of the Dungeon
  3622 | D:5      | Noticed an ice beast
  3659 | D:5      | Killed an ice beast
  3659 | D:5      | Your scales start taking on a golden yellow colour.
  3659 | D:5      | Reached XP level 7. HP: 49/61 MP: 7/7
  3738 | D:5      | Noticed Pikel
  3770 | D:5      | Reached skill level 6 in Long Blades
  3790 | D:5      | Noticed sambo's ghost (novice FoAr)
  3895 | D:4      | Reached skill level 5 in Dodging
  4097 | Temple   | Entered the Ecumenical Temple
  4197 | Temple   | Became a worshipper of Warmaster Okawaru
  4197 | Temple   | Reached * piety under Okawaru
  4197 | Temple   | Reached ** piety under Okawaru
  4601 | D:5      | Killed Pikel
  4601 | D:5      | Reached skill level 7 in Long Blades
  4601 | D:5      | Reached XP level 8. HP: 9/70 MP: 8/8
  4613 | D:5      | Reached *** piety under Okawaru
  5729 | D:5      | Reached skill level 8 in Long Blades
  6091 | D:6      | Found an opulent altar of Gozag.
  6615 | D:6      | Reached skill level 1 in Evocations
  6708 | D:6      | Reached XP level 9. HP: 77/77 MP: 9/9
  6714 | D:6      | Found Bifiyghugu's Antique Weapon Boutique.
  6862 | D:6      | Reached **** piety under Okawaru
  7129 | D:6      | Reached skill level 1 in Invocations
  7587 | D:7      | Found a sacrificial altar of Ru.
  8016 | D:7      | Found Geleudatt's Book Emporium.
  8044 | D:7      | Reached skill level 9 in Long Blades
  8245 | D:7      | Found a glowing golden altar of the Shining One.
  8446 | D:8      | Noticed a two-headed ogre
  8459 | D:8      | Slain by a two-headed ogre

Skill      XL: |  1  2  3  4  5  6  7  8  9 |
---------------+----------------------------+-----
Fighting       | 4 5 6 |  6.9
Dodging        | 3 4 5 6 7 |  7.2
Stealth        | 2 3 4 |  4.5
Long Blades    | 4 5 7 8 9 |  9.1
Evocations     | 1 |  1.0
Invocations    | 2 |  2.5

Action                   |  1- 3 |  4- 6 |  7- 9 || total
-------------------------+-------+-------+-------++-------
Melee: Falchion          |   118 |   221 |   255 ||   594
       Tailslap          |    13 |    31 |    85 ||   129
       Long sword        |       |       |   268 ||   268
Evoke: Wand              |       |       |     1 ||     1
  Use: Scroll            |     7 |     1 |     4 ||    12
       Potion            |     2 |     1 |    12 ||    15
 Stab: Sleeping          |     7 |     1 |     6 ||    14
       Distracted        |       |       |     1 ||     1
  Eat: Chunk             |     1 |     5 |    12 ||    18
       Fruit             |       |     3 |     5 ||     8
Armor: Skin              |    27 |    75 |   151 ||   253
Dodge: Dodged            |    64 |   158 |   367 ||   589
       Rpst.: Falchion   |    17 |    42 |    41 ||   100
       Long sword        |       |       |    57 ||    57
